 Dungeon Crawl Stone Soup version 0.21-a0-401-g0b6bec4 (webtiles) character file.

153 Mulkerokala the Sneak (level 5, -7/34 HPs)
             Began as an Octopode Assassin on Oct 24, 2017.
             Mangled by a crocodile (15 damage)
             ... in a sewer.
             The game lasted 00:03:21 (2743 turns).

Mulkerokala the Sneak (Octopode Assassin)           Turns: 2743, Time: 00:03:22

Health: -7/34      AC:  1    Str: 10      XL:     5   Next: 35%
Magic:  0/5        EV: 14    Int: 11 (14) God:
Gold:   118        SH:  0    Dex: 13 (14) Spells: 4/4 levels left

rFire    . . .     SeeInvis .   a - +0 rapier
rCold    + + .     Gourm    .   (no shield)
rNeg     . . .     Faith    .   (helmet restricted)
rPois    .         Spirit   +   i - amulet of guardian spirit
rElec    .         Reflect  .   (no ring)
rCorr    .         Harm     .   (no ring)
MR       +....                  (no ring)
Stlth    ++++......             (no ring)
HPRegen  0.11/turn              (no ring)
MPRegen  0.09/turn              (no ring)
                                (no ring)
                                (no ring)

@: no status effects
A: almost no armour, stealthy swim, amphibious, 8 rings, constrict 8, camouflage
1, cold resistance 2, magic resistance 1, gelatinous body 1
a: no special abilities


You were in a sewer.
You were not hungry.

You visited 1 branch of the dungeon, and saw 3 of its levels.
You also visited: Sewer.

You collected 118 gold pieces.

Inventory:

Hand Weapons
 a - a +0 rapier (weapon)
 b - a +0 blowgun
 r - a +2 dagger
 u - a +0 hand crossbow
Missiles
 c - 9 poisoned needles
 d - 4 curare-tipped needles
 m - 6 javelins (quivered)
 v - 13 bolts
Jewellery
 i - an amulet of guardian spirit (around mantle)
Scrolls
 e - 2 scrolls of amnesia {unknown}
 g - 2 scrolls of fear {unknown}
 h - 2 scrolls of fog {unknown}
 l - a scroll of random uselessness {unknown}
 n - 2 scrolls of blinking {unknown}
 o - a scroll of identify {unknown}
 q - a scroll of teleportation {unknown}
Potions
 j - a potion of heal wounds {unknown}
 k - a potion of haste {unknown}
 w - 2 potions of agility {unknown}
Comestibles
 f - 2 bread rations
 p - 3 royal jellies
 s - 3 chunks of flesh
 t - a meat ration


   Skills:
 - Level 2.0 Fighting
 + Level 4.0 Short Blades
 - Level 2.0 Throwing
 + Level 3.5 Dodging
 - Level 5.3 Stealth


You had 4 spell levels left.
You didn't know any spells.

Dungeon Overview and Level Annotations

Branches:
Dungeon (3/15)

Altars:
Zin


Innate Abilities, Weirdness & Mutations

You cannot wear most types of armour.
You are very stealthy in the water. (Stealth+)
You are amphibious.
You can wear up to eight rings at the same time.
You can use your tentacles to constrict eight enemies at once.
Your skin changes colour to match your surroundings (Stealth+).
Your rubbery body absorbs attacks. (AC +1, EV +1)
Your flesh is very cold resistant. (rC++)
You are resistant to hostile enchantments. (MR+)


Message History

You barely miss the crocodile.
The crocodile is heavily wounded.
The crocodile closely misses you.
Unknown command.
You hit the crocodile but do no damage.
The crocodile is heavily wounded.
The crocodile misses you.
Unknown command.
You barely miss the crocodile.
The crocodile is heavily wounded.
The crocodile bites you!
* * * LOW HITPOINT WARNING * * *
You take 11 damage, and have 8/34 hp.
MASSIVE DAMAGE!!
You now have 1/5 mp.
Unknown command.
You barely miss the crocodile.
The crocodile is heavily wounded.
The crocodile bites you!
You die...

#...#≈..#
#≈≈###.≈##
#.≈. #≈≈.#
#.≈# ##.≈#
#.. #..#
#..# ##≈.#
#≈..#
#@.##
#≈t.#
..≈(##
#.≈≈.(#
##.≈(##
#≈.( .#(#
$?#.


You could see a crocodile.

Vanquished Creatures
  5 adders
  A shadow imp (D:3)
  2 oozes
  4 worms
  5 dart slugs
  4 leopard geckos
  A giant cockroach (D:2)
  5 goblins
  4 hobgoblins
  2 jackals (Sewer)
  2 quokkas (D:2)
  A ball python (D:2)
  7 bats
  7 frilled lizards
  16 kobolds
  10 rats
76 creatures vanquished.

Notes
Turn   | Place    | Note
-------+----------+-------------------------------------------
     0 | D:1      | Mulkerokala the Octopode Assassin began the quest for the Orb.
     0 | D:1      | Reached XP level 1. HP: 14/14 MP: 1/1
   359 | D:1      | Reached XP level 2. HP: 19/19 MP: 2/2
   568 | D:1      | Reached XP level 3. HP: 24/24 MP: 3/3
  1181 | D:2      | Reached XP level 4. HP: 29/29 MP: 4/4
  1743 | D:2      | Gained mutation: Your flesh is cold resistant. (rC+) [potion of mutation]
  1743 | D:2      | Gained mutation: You are resistant to hostile enchantments. (MR+) [potion of mutation]
  1743 | D:2      | Gained mutation: Your flesh is very cold resistant. (rC++) [potion of mutation]
  2186 | D:2      | Found a glowing silver altar of Zin.
  2392 | D:3      | Reached XP level 5. HP: 29/34 MP: 3/5
  2646 | D:3      | Found a glowing drain.
  2662 | Sewer    | Entered a sewer
  2727 | Sewer    | Noticed a crocodile
  2743 | Sewer    | Mangled by a crocodile

Vault maps used:
D:1:      erik_arrival_cave_to_civilisation, minmay_split_cup_small
D:2:      zin_scriptorium, minmay_misc_feat_tower
D:3:      cheibrodos_sewer_entry_bend
Sewer:    sewer_the_crocodile

Skill      XL: |  1  2  3  4  5 |
---------------+----------------+-----
Dodging        | 2 3 |  3.5
Short Blades   | 3 4 |  4.0
Fighting       | |  2.0
Throwing       | |  2.0
Stealth        | |  5.3

Action                   |  1- 3 |  4- 6 || total
-------------------------+-------+-------++-------
Melee: Dagger            |    61 |       ||    61
       Constrict         |    15 |    19 ||    34
       Tentacles         |     4 |     9 ||    13
       Rapier            |     1 |    94 ||    95
 Fire: Blowgun           |     1 |    13 ||    14
Throw: Javelin           |       |     2 ||     2
  Use: Potion            |       |     3 ||     3
 Stab: Sleeping          |    12 |     7 ||    19
       Distracted        |       |     1 ||     1
  Eat: Chunk             |     1 |     5 ||     6
Armor: Skin              |     4 |     5 ||     9
Dodge: Dodged            |    25 |    66 ||    91

Table legend:
 A = Spawn XP
 B = Non-spawn XP
 C = Spawn XP percentage of total XP
 D = Spawn monster count
 E = Non-spawn monster count
 F = Spawn count percentage of total count
 G = Total turns spent on level
                    A         B        C        D         E        F      G
               +---------+---------+-------+---------+---------+-------+---------
         Total |       0 |     219 |   0.0 |       0 |      76 |   0.0 |  2743
               +---------+---------+-------+---------+---------+-------+---------
           D:1 |       0 |      56 |   0.0 |       0 |      33 |   0.0 |  1000
           D:2 |       0 |     105 |   0.0 |       0 |      28 |   0.0 |  1465
           D:3 |       0 |      50 |   0.0 |       0 |      10 |   0.0 |   197
         Sewer |       0 |       8 |   0.0 |       0 |       5 |   0.0 |    81
               +---------+---------+-------+---------+---------+-------+---------
